 Dungeon Crawl Stone Soup version 0.18-a0-1782-gb76a692 (webtiles) character file.

65 epen the Distorting Demonspawn (level 3, -1/29 HPs)
             Began as a Demonspawn Abyssal Knight on Apr 17, 2016.
             Was a Believer of Lugonu.
             Slain by an iguana (2 damage)
             ... on level 4 of the Dungeon.
             The game lasted 00:03:03 (2071 turns).

epen the Distorting Demonspawn (DsAK)               Turns: 2071, Time: 00:03:03

Health: -1/29      AC:  5    Str: 13    XL:     3   Next: 94%
Magic:  5/5        EV: 10    Int: 13    God:    Lugonu [**....]
Gold:   98         SH:  0    Dex: 12    Spells: 0 memorised, 2 levels left

rFire  . . .     SeeInvis .     a - +1 falchion
rCold  . . .     Gourm    .     b - +0 leather armour
rNeg   . . .     Faith    .     (no shield)
rPois  .         Spirit   .     (no helmet)
rElec  .         Dismiss  .     (no cloak)
rCorr  .         Reflect  .     (no gloves)
SustAt .         Harm     .     (no boots)
MR     .....                    p - amulet of magic regeneration
Stlth  +.........               (no ring)
                                g - -2 ring of evasion (curse)

@: not resistant to hostile enchantments, very unstealthy
A: slimy green scales 1
a: Depart the Abyss, Bend Space, Renounce Religion


You were on level 4 of the Dungeon.
You worshipped Lugonu.
Lugonu was pleased with you.
You were not hungry.

You visited 1 branch of the dungeon, and saw 3 of its levels.
You visited the Abyss 1 time.

You collected 98 gold pieces.

Inventory:

Hand Weapons
 a - a +1 falchion (weapon)
Armour
 b - a +0 leather armour (worn)
Jewellery
 g - a cursed -2 ring of evasion (left hand)
 p - an amulet of magic regeneration (around neck)
Scrolls
 e - a scroll of amnesia {unknown}
 f - 5 scrolls of remove curse {unknown}
 i - a scroll of immolation {unknown}
 j - a scroll of recharging {unknown}
 l - a scroll of teleportation {unknown}
 o - a scroll of enchant armour {unknown}
Potions
 d - 4 potions of curing {unknown}
 k - a potion of magic {unknown}
 m - 2 potions of heal wounds {unknown}
 n - a potion of lignification {unknown}
Comestibles
 c - 2 bread rations
 h - a slice of pizza
 q - a beef jerky
 r - a chunk of flesh


   Skills:
 - Level 3.0 Fighting
 * Level 2.6 Long Blades
 - Level 1.7 Armour
 + Level 1.9 Dodging
 * Level 3.8 Invocations


You had 2 spell levels left.
You didn't know any spells.

Dungeon Overview and Level Annotations

Branches:
Dungeon (2/15)

Altars:
Sif Muna
Vehumet
Xom


Innate Abilities, Weirdness & Mutations

You are partially covered in slimy green scales (AC +2).


Message History

You closely miss the iguana.
The iguana is lightly wounded.
The iguana bites you!
* * * LOW HITPOINT WARNING * * *
You slash the iguana!
The iguana is severely wounded.
The iguana barely misses you.
You hit the iguana.
The iguana is almost dead.
The iguana bites you but does no damage.
You hit the iguana but do no damage.
The iguana is severely wounded.
The iguana barely misses you. The iguana closely misses you.
You hit the iguana.
The iguana is almost dead.
The iguana completely misses you.
You barely miss the iguana.
The iguana is almost dead.
The iguana bites you.
You die...

.... #...........#
.....
#...........#
(....
#..........l#
.#...
##.......##... .#
#.#####.# .#
#.....#.###### .#
#.............# .#
####....l#........
.#
.......@[#.......#
##
.........#.#######
..$....b.#.#
####...###.. #._.
#.. .... .. .....
#.#.#.


You could see an iguana.

Vanquished Creatures
  2 adders
  An ooze (D:1)
  A worm (D:4)
  2 dart slugs (D:1)
  6 bats (D:1)
  2 giant cockroaches (D:1)
  4 goblins
  3 hobgoblins
  3 jackals (D:1)
  6 kobolds (D:1)
  A giant newt (D:1)
  5 rats
36 creatures vanquished.

Notes
Turn   | Place    | Note
--------------------------------------------------------------
     0 | Abyss:1  | epen the Demonspawn Abyssal Knight began the quest for the Orb.
     0 | Abyss:1  | Reached XP level 1. HP: 18/18 MP: 2/2
   117 | Abyss:1  | Noticed a large abomination
   134 | Abyss:1  | Noticed a ynoxinul
   164 | Abyss:1  | Found an ancient bone altar of Kikubaaqudgha.
   166 | Abyss:1  | Noticed a large abomination
   173 | Abyss:1  | Noticed an iron imp
   173 | D:1      | Escaped the Abyss
   195 | D:1      | Reached skill level 1 in Dodging
   520 | D:1      | Gained mutation: You are partially covered in slimy green scales (AC +2). [demonic ancestry]
   520 | D:1      | Reached XP level 2. HP: 20/24 MP: 4/4
   602 | D:1      | Reached * piety under Lugonu
  1323 | D:1      | Reached XP level 3. HP: 29/29 MP: 5/5
  1922 | D:2      | You fall through a shaft for 2 floors!
  1956 | D:4      | Reached ** piety under Lugonu
  2012 | D:4      | Found a deep blue altar of Sif Muna.
  2025 | D:4      | Found a radiant altar of Vehumet.
  2053 | D:4      | Found a shimmering altar of Xom.
  2066 | D:4      | HP: 1/29 [iguana (10)]
  2071 | D:4      | Slain by an iguana

Vault maps used:
D:1:      erik_arrival_triangle_medium, dk_noncrumbling_4
D:2:      first_bread
D:4:      overflow_temple_1_default, xom_butterflies, kennysheep_mini_moat,
          kennysheep_generic_room_9

Skill      XL: |  1  2 |
---------------+-------+-----
Dodging        | 1 |  1.9
Long Blades    | 2 |  2.6
Invocations    | 3 |  3.8
Fighting       | |  3.0
Armour         | |  1.7

Action                   || total
-------------------------++-------
Melee: Falchion          ||   127
Invok: Depart the Abyss  ||     1
  Eat: Chunk             ||     4
Armor: Leather armour    ||    52
Dodge: Dodged            ||    85
